 Dungeon Crawl Stone Soup version 0.17-a0-1949-g1acca9a (webtiles) character file.

16429 Ordine the Stickfighter (level 12, -5/103 HPs)
             Began as a Minotaur Gladiator on Oct 2, 2015.
             Was a High Priest of Okawaru.
             Slain by a frost giant
             ... wielding a +2 battleaxe of freezing
              (14 damage)
             ... in an ice cave.
             The game lasted 00:43:31 (12509 turns).

Ordine the Stickfighter (Minotaur Gladiator)       Turns: 12509, Time: 00:43:31

Health: -5/103     AC: 15    Str: 23    XL:     12   Next: 10%
Magic:  0/18       EV: 14    Int:  5    God:    Okawaru [*****.]
Gold:   756        SH:  0    Dex: 16    Spells: 0 memorised, 11 levels left

rFire  . . .     SeeInvis .     J - +0 lajatang
rCold  + . .     Clarity  .     p - +0 plate armour
rNeg   . . .     SustAt   .     (no shield)
rPois  .         Gourm    .     c - +0 hat
rElec  .         Spirit   +     (no cloak)
rCorr  .         Warding  .     (no gloves)
rMut   .         Stasis   .     (no boots)
MR     .....                    l - amulet of guardian spirit
Stlth  ..........               H - ring of protection from cold
                                j - +3 ring of strength

@: heroism, finesse, very slightly contaminated, invisible, not resistant to
hostile enchantments, extremely unstealthy
A: retaliatory headbutt, horns 2
a: Heroism, Finesse, Renounce Religion


You were in an ice cave.
You worshipped Okawaru.
Okawaru was extremely pleased with you.
You were very hungry.

You visited 3 branches of the dungeon, and saw 11 of its levels.
You also visited: Sewer and Ice Cave.

You collected 845 gold pieces.
You spent 89 gold pieces at shops.

Inventory:

Hand weapons
 a - a +1 quarterstaff
 J - a +0 lajatang (weapon)
 L - a +6 quick blade
Missiles
 d - 3 throwing nets (quivered)
Armour
 c - a +0 hat (worn)
 m - a +0 troll leather armour {Purgy}
 p - a +0 plate armour (worn)
Magical staves
 y - an uncursed staff of energy
Rods
 s - a -1 rod of clouds (13/13)
   (You found it on level 8 of the Dungeon)
Jewellery
 j - a +3 ring of strength (left hand)
 l - an amulet of guardian spirit (around neck)
 r - an uncursed ring of wizardry
 u - an uncursed ring of protection from magic
 x - an uncursed ring of positive energy
 z - an uncursed ring of flight
 H - a ring of protection from cold (right hand)
Magical devices
 i - a wand of digging (9)
 F - a wand of frost (20)
 G - a wand of paralysis (0)
 M - a wand of paralysis (10)
 N - a wand of slowing (30)
Scrolls
 b - 3 scrolls of remove curse
 f - 3 scrolls of teleportation
 g - 2 scrolls of vulnerability
 h - a scroll of enchant armour
 k - 3 scrolls of fog
 n - a scroll of amnesia
 o - 2 scrolls of magic mapping
 q - 5 scrolls of enchant weapon
 w - 2 scrolls of recharging
Potions
 E - a potion of resistance
 I - a potion of brilliance
 O - a potion of curing
Books
 A - a book of the Dragon

   Spells                             Type                      Level
   a - Flame Tongue                   Conjuration/Fire             1
   b - Cause Fear                     Hexes                        4
   c - Bolt of Fire                   Conjuration/Fire             6
   d - Dragon Form                    Transmutation                7
   e - Dragon's Call                  Summoning                    9
 K - a book of Changes

   Spells                             Type                      Level
   a - Beastly Appendage              Transmutation                1
   b - Sticks to Snakes               Transmutation                2
   c - Spider Form                    Transmutation/Poison         3
   d - Ice Form                       Ice/Transmutation            4
   e - Blade Hands                    Transmutation                5
Miscellaneous
 B - a box of beasts {used: 2}
Comestibles
 e - 9 bread rations
 t - 2 slices of pizza
 C - 3 fruits
 D - 3 meat rations


   Skills:
 + Level 8.4(13.4) Fighting
 - Level 15.0(20.0) Staves
 - Level 2.0(7.0) Throwing
 + Level 7.8(12.8) Armour
 + Level 8.1(13.1) Dodging
 - Level 10.0 Invocations


You had 11 spell levels left.
You didn't know any spells.

Dungeon Overview and Level Annotations

Branches:
Dungeon (8/15)             Temple (1/1) D:6            Lair (2/8) D:8

Altars:
Ashenzari
Cheibriados
Dithmenos
Elyvilon
Fedhas
Gozag
Kikubaaqudgha
Makhleb
Nemelex Xobeh
Okawaru
Qazlal
Ru
Trog
Vehumet
Xom
Yredelemnul
Zin
The Shining One

Shops:
D:6 *

Annotations:
Lair:2 Fannar


Innate Abilities, Weirdness & Mutations

You reflexively headbutt those who attack you in melee.
You have a pair of horns on your head.


Message History

The frost giant resists with almost no effort.
Evoking this partially-identified wand wasted a few charges.
Drink which item? (? for menu, Esc to quit)
You fade into invisibility!
The frost giant points at you and mumbles some strange words.
The bolt of cold misses you.
You are very lightly contaminated with residual magic.
The frost giant points at you and mumbles some strange words.
The bolt of cold misses you.
The frost giant hits you but does no damage.
The frost giant gestures at you while chanting.
The bolt of cold hits you! You resist.
* * * LOW HITPOINT WARNING * * *
That item cannot be evoked!
Press: ? - help, v - describe, . - travel An ice covered rock wall.
You slash the frost giant!
The frost giant is lightly wounded.
The frost giant hits you with a battleaxe of freezing!
You die...

### #.## ##.##
####...#
#.#.##
#.#h...#$[
##.#.##
##.#.hYC..#
####.# ##C#†.#
#..# #.##.##
##..##
##.#####
#....##
##.#..##
##.....#
#..#C@.#
#...#..##
#...##.##
##..###..#
#.⌠###..#
#..##
##.####..###.#
#.## #..#
#####..# #.##
#..## ##...###
##.# ##..#
#...#..# ##.#
##.# #...#.##
#..# #..#
##..####


You could see a frost giant.

Vanquished Creatures
  A death yak (IceCv)
  An ice statue (IceCv)
  A spiny frog (Lair:1)
  A komodo dragon (Lair:1)
  A troll (D:8)
  A slime creature (D:8)
  16 polar bears (IceCv)
  3 blink frogs (Lair:2)
  21 yaks
  A deep elf mage (D:8)
  A spriggan (D:7)
  Eustachio (D:5)
  28 wolves
  A hippogriff (Lair:1)
  6 porcupines
  Purgy (Sewer)
  An ice beast (D:6)
  A phantom (D:7)
  A black bear (D:7)
  2 water moccasins
  A sky beast (D:8)
  An eye of draining (D:8)
  3 ogres
  A centaur (D:6)
  A big kobold (D:7)
  2 crocodiles (Lair:1)
  4 giant frogs
  A scorpion (D:6)
  A water moccasin skeleton (D:5)
  A crimson imp (D:8)
  A centaur zombie (D:8)
  A giant frog zombie (D:8)
  3 orc wizards
  5 orc priests
  4 jellies
  A giant frog skeleton (D:8)
  A quasit (D:7)
  3 hounds
  Jessica (D:2)
  2 centaur skeletons
  2 iguanas
  6 worker ants
  A killer bee zombie (D:6)
  A hound skeleton (D:6)
  2 worker ant zombies (D:8)
  9 gnolls
  2 river rats (D:3)
  2 shadow imps
  14 adders
  12 white imps (Lair:2)
  An ooze (D:5)
  An adder zombie (D:8)
  5 worms
  35 orcs
  4 ball pythons
  5 giant cockroaches
  11 goblins
  5 hobgoblins
  6 jackals
  12 kobolds
  2 quokkas
  A ball python skeleton (D:4)
  12 bats
  2 giant geckos
  A giant gecko skeleton (D:5)
  6 giant newts
  A quokka zombie (D:7)
  2 rats
291 creatures vanquished.

Notes
Turn   | Place    | Note
--------------------------------------------------------------
     0 | D:1      | Ordine the Minotaur Gladiator began the quest for the Orb.
     0 | D:1      | Reached XP level 1. HP: 18/18 MP: 0/0
   119 | D:1      | Reached skill level 4 in Staves
   372 | D:1      | Reached XP level 2. HP: 23/25 MP: 1/1
   756 | D:2      | Noticed Jessica
   772 | D:2      | Killed Jessica
   772 | D:2      | Reached skill level 5 in Staves
   772 | D:2      | Reached XP level 3. HP: 16/30 MP: 2/2
  1056 | D:2      | Reached skill level 6 in Staves
  1056 | D:2      | Reached XP level 4. HP: 28/37 MP: 3/3
  1140 | D:2      | Found a white marble altar of Elyvilon.
  1593 | D:3      | Found a shattered altar of Ashenzari.
  1980 | D:3      | Reached skill level 7 in Staves
  1980 | D:3      | Reached XP level 5. HP: 35/42 MP: 4/4
  1989 | D:3      | Found a glowing drain.
  2008 | Sewer    | Entered a sewer
  2033 | Sewer    | Noticed Purgy
  2040 | Sewer    | Killed Purgy
  2040 | Sewer    | Reached skill level 8 in Staves
  2248 | D:3      | Reached XP level 6. HP: 50/50 MP: 5/5
  2788 | D:4      | Reached skill level 9 in Staves
  3471 | D:4      | Reached XP level 7. HP: 53/56 MP: 6/6
  3490 | D:4      | Reached skill level 10 in Staves
  3963 | D:5      | Entered Level 5 of the Dungeon
  4414 | D:5      | Reached skill level 11 in Staves
  4435 | D:5      | Noticed Eustachio
  4448 | D:5      | Killed Eustachio
  4448 | D:5      | Reached XP level 8. HP: 44/62 MP: 7/7
  4788 | D:5      | Reached skill level 12 in Staves
  5271 | D:6      | Found a bloodstained altar of Trog.
  5272 | D:6      | Found a snail-covered altar of Cheibriados.
  5272 | D:6      | Found a stormy altar of Qazlal.
  5275 | D:6      | Found an opulent altar of Gozag.
  5348 | D:6      | Found Reriq's Assorted Antiques.
  5374 | D:6      | Bought a potion of curing for 69 gold pieces
  5374 | D:6      | Bought a coppery potion for 20 gold pieces
  5400 | D:6      | Found a staircase to the Ecumenical Temple.
  5415 | D:6      | Reached skill level 13 in Staves
  5422 | Temple   | Entered the Ecumenical Temple
  5535 | Temple   | Became a worshipper of Warmaster Okawaru
  5729 | D:6      | Found an iron altar of Okawaru.
  6178 | D:7      | Reached XP level 9. HP: 60/68 MP: 8/8
  6268 | D:7      | Reached skill level 14 in Staves
  6277 | D:7      | Acquired Okawaru's first power
  6296 | D:7      | Reached skill level 1 in Invocations
  6750 | D:7      | Found a glowing silver altar of Zin.
  6750 | D:7      | Noticed an angel
  6868 | D:8      | Identified a -1 rod of clouds (13/13) (You found it on level 8 of the Dungeon)
  6972 | D:8      | Found a staircase to the Lair.
  7286 | D:8      | Reached skill level 5 in Invocations
  8195 | Lair:1   | Entered Level 1 of the Lair of Beasts
  8216 | Lair:1   | Reached XP level 10. HP: 14/74 MP: 2/14
  8844 | Lair:1   | Noticed a komodo dragon
  8854 | Lair:1   | Killed a komodo dragon
  9162 | Lair:1   | Reached skill level 10 in Invocations
  9211 | Lair:1   | Reached skill level 1 in Armour
  9929 | Lair:2   | Found a frozen archway.
  9940 | Lair:2   | Noticed Fannar
 10033 | Lair:2   | HP: 4/80 [blink frog (10)]
 10046 | Lair:2   | Reached skill level 5 in Dodging
 10342 | IceCv    | Entered an ice cave
 10358 | IceCv    | Reached skill level 5 in Fighting
 10411 | IceCv    | Reached XP level 11. HP: 71/88 MP: 17/17
 10541 | IceCv    | Acquired Okawaru's second power
 10550 | IceCv    | HP: 4/89 [polar bear (4)]
 10561 | IceCv    | HP: 2/89 [polar bear (3)]
 10579 | IceCv    | HP: 4/89 [polar bear (2)]
 10962 | IceCv    | Reached skill level 5 in Armour
 11545 | IceCv    | Noticed an ice statue
 11739 | IceCv    | Killed an ice statue
 11897 | IceCv    | Reached skill level 15 in Staves
 11902 | IceCv    | Received a gift from Okawaru
 12454 | IceCv    | Noticed a death yak
 12454 | IceCv    | Noticed a frost giant
 12464 | IceCv    | Killed a death yak
 12464 | IceCv    | Reached XP level 12. HP: 64/102 MP: 8/18
 12509 | IceCv    | Slain by a frost giant

Vault maps used:
D:1:      minmay_arrival_jagged
D:2:      elyvilon_altar_4, first_bread, st_stairs_14,
          small_statue_intersection, uniq_jessica
D:3:      portal_sewer_entry_e, ashenzari_altar_1
D:5:      minmay_stone_trees_medium, uniq_eustachio
D:6:      grunt_temple_overflow_open, minmay_temple_entry_junction,
          serial_shops, shop, okawaru_altar_gauntlet_db
D:7:      zin_angel, abandoned_shop, the_bakery
D:8:      lair_0_dummy, kb_rosetta
Temple:   circular_temple_pool_12
Lair:2:   portal_ice_cave_entry_imps, uniq_gastronok, uniq_fannar
Sewer:    sewer_big_baddie
IceCv:    ice_cave_caverns_01

Action                   |  1- 3 |  4- 6 |  7- 9 | 10-12 || total
-------------------------+-------+-------+-------+-------++-------
Melee: Quarterstaff      |    67 |   168 |   409 |    39 ||   683
       Lajatang          |       |       |       |   389 ||   389
Invok: Heroism           |       |       |     1 |     3 ||     4
       Finesse           |       |       |       |     3 ||     3
Evoke: Wand              |       |       |       |     3 ||     3
       Box of beasts     |       |       |       |     2 ||     2
  Use: Scroll            |     4 |     9 |     8 |     1 ||    22
       Potion            |       |     4 |     5 |     9 ||    18
  Eat: Chunk             |       |     9 |    11 |    11 ||    31
       Beef jerky        |       |       |     1 |     1 ||     2
       Fruit             |       |       |     2 |     2 ||     4
